 Dungeon Crawl Stone Soup version 0.29.1-13-g9f3cf754e1 (webtiles) character file.

Game seed: 13014406206084103

104029 Slen the Severer (level 16, -2/151 HPs)
             Began as a Hill Orc Fighter on Feb 4, 2023.
             Was a High Priest of Elyvilon.
             Slain by an anaconda (11 damage)
             ... led by a naga ritualist
             ... on level 1 of the Snake Pit.
             The game lasted 01:46:42 (29956 turns).

Slen the Severer (Hill Orc Fighter)                Turns: 29956, Time: 01:46:42

Health: -2/151     AC: 13    Str: 26    XL:     16   Next: 37%
Magic:  27/27      EV: 12    Int: 14    God:    Elyvilon [*****.]
Gold:   1611       SH:  0    Dex: 21    Spells: 10/27 levels left

rFire   . . .      SeeInvis .   p - +10 war axe of Qiduy {elec, rN+ rCorr Dex+4, axe}
rCold   . . .      Faith    .   (no shield)
rNeg    + . .      Spirit   .   b - +0 acid dragon scales
rPois   +          Reflect  .   E - +2 helmet "Boass" {Stlth+}
rElec   .          Harm     .   W - scarf {shadows}
rCorr   +          Rampage  .   e - +0 pair of fencer's gloves {Riposte Dex+3}
Will    +....      Rage     3%  (no boots)
Stlth   ++........              (no amulet)
HPRegen 0.35/turn               I - ring of Fysyufos {Wiz Str+4 Int+3}
MPRegen 0.20/turn               j - ring of poison resistance

@: lethally poisoned (-2 -> -3), about to teleport, constricted
A: agile 1, berserk 1
a: Renounce Religion, Purification, Heal Other, Heal Self, Divine Vigour


You were on level 1 of the Snake Pit.
You worshipped Elyvilon.
Elyvilon was extremely pleased with you.
You visited 4 branches of the dungeon, and saw 22 of its levels.
You also visited: Ossuary, Bailey and Volcano.

You collected 3704 gold pieces.
You spent 2093 gold pieces at shops.


Innate Abilities, Weirdness & Mutations

You are agile. (Dex +4, Str/Int -1)
You sometimes lose your temper in combat.


   Skills:
 + Level 16.2 Fighting
 + Level 18.6 Axes
 - Level 10.1 Armour
 - Level 5.0 Dodging
 - Level 3.2 Shields
 - Level 6.4 Spellcasting
 - Level 6.0 Conjurations
 - Level 4.8 Summonings
 - Level 2.1 Transmutations
 + Level 5.7 Fire Magic
 - Level 1.3 Earth Magic
 - Level 15.0 Invocations


You had 10 spell levels left.
You knew the following spells:

 Your Spells              Type           Power      Damage    Failure   Level
a - Summon Small Mammal   Summ           72%        N/A       1%          1
b - Sandblast             Erth           16%        2d6       4%          1
c - Passwall              Tmut/Erth      7%         N/A       5%          2
d - Wereblood             Tmut           10%        N/A       4%          2
e - Summon Guardian Gole  Hex/Summ       11%        N/A       8%          3
f - Mephitic Cloud        Conj/Pois/Air  10%        N/A       9%          3
g - Fireball              Conj/Fire      10%        3d6       17%         5

Your spell library contained the following spells:

 Spells                   Type           Power      Damage    Failure   Level
 Call Canine Familiar     Summ           18%        N/A       2%          3
 Stone Arrow              Conj/Erth      28%        3d8       4%          3
 Necrotise                Necr           16%        1d4       7%          1
 Ignite Poison            Fire/Tmut/Pois 11%        N/A       8%          3
 Sublimation of Blood     Necr           4%         N/A       11%         2
 Iskenderun's Battlesphe  Conj           21%        2d7       16%         5
 Vampiric Draining        Necr           4%         2d6       21%         3
 Summon Ice Beast         Ice/Summ       11%        N/A       26%         4
 Summon Mana Viper        Hex/Summ       11%        N/A       54%         5
 Freezing Cloud           Conj/Ice/Air   5%         6-21      61%         5
 Agony                    Necr           4%         N/A       86%         5
 Conjure Ball Lightning   Conj/Air       6%         3x3d6     95%         6
 Orb of Destruction       Conj           10%        9d6       99%         7
 Spellforged Servitor     Conj/Summ      9%         N/A       99%         7
 Monstrous Menagerie      Summ           9%         N/A       100%        7
 Summon Hydra             Summ           9%         N/A       100%        7

Inventory:

Hand Weapons
 h - a +2 broad axe of electrocution {axe}
   (You found it in a bailey)
 p - the +10 war axe of Qiduy (weapon) {elec, rN+ rCorr Dex+4, axe}
   (You found it on level 2 of the Dungeon)

   It occasionally discharges a powerful burst of electricity upon striking a
   foe.
   Dex:       It affects your dexterity (+4).
   rN:        It protects you from negative energy.
   rCorr:     It protects you from acid and corrosion.
 Z - a +2 hand crossbow of flaming {crossbow}
   (You found it in a volcano)
Armour
 a - a +0 pair of boots
   (You found it on level 14 of the Dungeon)
 b - +0 acid dragon scales (worn)
   (You found it on level 9 of the Dungeon)
 d - the +1 chain mail "Yreotej" {Dex+8}
   (You found it on level 12 of the Dungeon)

   Dex:       It affects your dexterity (+8).
 e - the +0 pair of fencer's gloves (worn) {Riposte Dex+3}
   (You acquired it on level 7 of the Dungeon)

   It allows the wearer to riposte with melee weapons, swiftly retaliating
   against missed or blocked melee attacks.
   Dex:       It affects your dexterity (+3).
 x - an orb of mayhem
   (You found it on level 3 of the Dungeon)
 z - +0 steam dragon scales
   (You took it off Maggie on level 6 of the Dungeon)
 A - a +0 troll leather armour
   (You found it on level 9 of the Dungeon)
 E - the +2 helmet "Boass" (worn) {Stlth+}
   (You found it in a volcano)

   Stlth:     It makes you more stealthy.
 J - a +3 chain mail of fire resistance
   (You found it in a volcano)
 L - the +2 buckler "Anitatz" {rF- rN++}
   (You found it on level 2 of the Lair of Beasts)

   rF:        It makes you vulnerable to fire.
   rN:        It greatly protects you from negative energy.
 W - a scarf of shadows (worn)
   (You found it on level 8 of the Dungeon)
Magical Staves
 c - a staff of cold {!astaff}
   (You found it on level 4 of the Lair of Beasts)
Jewellery
 j - a ring of poison resistance (right hand)
   (You found it on level 14 of the Dungeon)
 D - a +6 ring of strength
   (You found it on level 3 of the Lair of Beasts)
 F - a +6 ring of intelligence
   (You found it on level 13 of the Dungeon)
 H - a +4 ring of slaying
   (You bought it in a shop on level 1 of the Orcish Mines)
 I - the ring of Fysyufos (left hand) {Wiz Str+4 Int+3}
   (You bought it in a shop on level 5 of the Dungeon)

   [ring of wizardry]

   It improves your spell success rate.
   Str:       It affects your strength (+4).
   Int:       It affects your intelligence (+3).
 T - a ring of fire
   (You found it on level 11 of the Dungeon)
Wands
 f - a wand of quicksilver (8)
   (You found it on level 9 of the Dungeon)
 u - a wand of roots (21)
   (You found it on level 2 of the Dungeon)
 w - a wand of charming (5)
   (You found it on level 4 of the Lair of Beasts)
 S - a wand of flame (27)
   (You found it on level 4 of the Dungeon)
 U - a wand of digging (3)
   (You found it on level 10 of the Dungeon)
Scrolls
 g - 4 scrolls of butterflies
 i - 5 scrolls of identify {@r1}
 n - a scroll of blinking {!r}
 q - 2 scrolls of poison {!r}
 t - 2 scrolls of fear
 B - 4 scrolls of magic mapping {!r}
 G - 3 scrolls of amnesia
 K - 5 scrolls of enchant weapon
 M - 2 scrolls of brand weapon
 Q - 9 scrolls of teleportation {@r4}
 X - 2 scrolls of silence {!r}
 Y - 4 scrolls of enchant armour
Potions
 k - 4 potions of haste {@q3}
 l - 11 potions of curing {@q1}
 m - 7 potions of lignification {!q}
 o - 3 potions of brilliance
 r - 4 potions of mutation {!q}
 s - 8 potions of flight
 v - 2 potions of berserk rage {!q}
 y - a potion of invisibility
 C - 3 potions of resistance
 N - 2 potions of magic
 O - 3 potions of ambrosia
 P - 2 potions of cancellation
 V - a potion of heal wounds {@q2}

Dungeon Overview and Level Annotations

Branches:
Dungeon (14/15) Zot: 24707  Temple (0/1) D:7            Lair (5/5) D:9 Zot: 20836
  Swamp (0/4) Lair:2        Snake (1/4) Lair:2 Zot: 5968   Slime (0/5) Lair:5
    Orc (2/2) D:10 Zot: 9729     Elf (0/3) Orc:2        Vaults (0/5) D:14
Ossuary (visited)          Bailey (visited)         Volcano (visited)

Altars:
Ashenzari
Cheibriados
Dithmenos
Elyvilon
Hepliaklqana
Kikubaaqudgha
Ru
Yredelemnul
The Shining One
Beogh
Jiyva

Shops:
D:5 =*=   D:11 *   Orc:1 !?*   Orc:2 ((*(:

Annotations:
D:8 1 runed translucent door, H0rd4k's ghost, novice OpAr
Lair:5 1 transporter, GeoRichter's ghost, journeyman MfFi

##...........
.......S.....
##......S.....
##.............
##......#..S....
##......##.......
##.(:NSS# #.......
#..S.SSS###......#
.N.N.S@S.##....###
.......).##
..........#
......N..).#
...........#
.............
..............
........?.....
.......N..$..


You could see 4 anacondas, a naga ritualist (toxic aura), 2 shock serpents, a
mana viper, a black mamba, 2 naga magi and a naga (curare).


Message History

You feel sick. 😨 HP[-1] MP[+1]
You take 1 damage, and now have 54/151 hp.
Things that are here:
a +2 whip of electrocution {mace}; a +0 robe You feel sick. 😨 HP[-1]
You take 1 damage, and now have 53/151 hp.
You feel sick. 😨 HP[-1]
You take 1 damage, and now have 52/151 hp.
You feel sick.
You feel sick.
You feel sick.
You are no longer poisoned.
Your extra speed is starting to run out.
You feel yourself slow down.
Key pressed, stopping explore.
Unknown command. 😕 HP[+74] MP[+13]
You regained 74 hp, and now have 126/151 hp.
Your mp is fully restored (27). 😕 HP[+1] Done exploring. 😎 HP[+24]
Your hp is fully restored (151).
There is a staircase to the Snake Pit, spattered with blood here.
You climb downwards.
Welcome back to the Snake Pit!
This branch contains the serpentine rune of Zot.
The naga mage shouts!
The anaconda grabs you.
The anaconda bites you but does no damage.
The anaconda constricts you. The anaconda bites you.
The anaconda constricts you. The naga ritualist spits poison at you.
The splash of poison hits you. You resist.
The anaconda bites you but does no damage.
The anaconda constricts you.
The naga mage casts a spell at the naga.
The naga seems to grow toxic.
The naga ritualist mumbles some strange prayers to its god.
The naga ritualist begins to radiate toxic energy.
You are poisoned.
You hear an angry hiss.
There is a staircase back to the Lair, spattered with blood here. 😕 HP[-17]
You take 17 damage, and now have 134/151 hp.
Unknown command.
Unknown command.
You slice the anaconda!!
You feel sick. The anaconda barely misses you.
You riposte.
You closely miss the anaconda. The anaconda constricts you.
An anaconda comes into view. 😕 HP[-2]
You take 2 damage, and now have 132/151 hp.
You closely miss the anaconda.
The anaconda hisses angrily.
You slash the anaconda! You slash the shock serpent! You slice the anaconda!!
The shock serpent's electric aura discharges, shocking you!
You feel sick. The anaconda loses its grip on you.
The anaconda closely misses you.
The anaconda bites you but does no damage.
The shock serpent closely misses you. The anaconda grabs you.
The anaconda bites you! The anaconda constricts you.
The anaconda barely misses you.
The anaconda closely misses you. 😮 HP[-20]
You take 20 damage, and now have 112/151 hp.
You barely miss the anaconda. You hit the anaconda but do no damage.
Lightning courses through the anaconda! You slash the shock serpent!
You hit the anaconda. You slash the shock serpent!
The shock serpent's electric aura discharges, shocking you! x2
You feel sick. The shock serpent bites you. The shock serpent shocks you!
The anaconda misses you. The anaconda constricts you.
The shock serpent shoots out a bolt of lightning at you!
The bolt of electricity hits you!!
* * * LOW HITPOINT WARNING * * *
The anaconda bites you but does no damage.
The anaconda bites you!
* * * LOW HITPOINT WARNING * * *
😨 HP[-68]
You take 68 damage, and now have 44/151 hp.
MASSIVE DAMAGE!! (PAUSE) Unknown command.
As you read the scroll of teleportation {@r4}, it crumbles to dust.
You feel strangely unstable.
You feel sick. The anaconda constricts you. The anaconda barely misses you.
You riposte.
You slice the anaconda!! You slash the shock serpent! You hit the anaconda.
You slash the anaconda! You slash the shock serpent!
The shock serpent's electric aura discharges, shocking you!
* * * LOW HITPOINT WARNING * * *
The anaconda bites you.
* * * LOW HITPOINT WARNING * * *
The shock serpent bites you.
* * * LOW HITPOINT WARNING * * *
The shock serpent shocks you!
* * * LOW HITPOINT WARNING * * *
The naga mage casts a spell at the naga mage.
The naga mage seems to grow toxic.
The shock serpent barely misses you. The anaconda bites you!
You die...

Skill      XL: |  1  2  3  4  5  6  7  8  9 10 11 12 13 14 15 16 |
---------------+-------------------------------------------------+-----
Axes           | 3 4 5 6 7 9 12 14 17 18 | 18.6
Summonings     | 1 2 4 |  4.8
Spellcasting   | 1 2 3 4 5 6 |  6.4
Earth Magic    | 1 |  1.3
Fighting       | 5 8 10 11 13 15 16 | 16.2
Dodging        | 4 5 |  5.0
Transmutations | 2 |  2.1
Armour         | 6 8 9 10 | 10.1
Invocations    | 5 10 11 14 15 | 15.0
Conjurations   | 2 6 |  6.0
Fire Magic     | 3 5 |  5.7
Shields        | |  3.2

Action                   |  1- 3 |  4- 6 |  7- 9 | 10-12 | 13-15 | 16-18 || total
-------------------------+-------+-------+-------+-------+-------+-------++-------
Melee: War axe           |    82 |    99 |   148 |   295 |   595 |   178 ||  1397
       Punch             |       |       |     2 |     5 |     7 |     2 ||    16
Throw: Stone             |       |     7 |       |       |       |       ||     7
       Dart              |       |       |     3 |       |       |       ||     3
 Cast: Summon Small Mamm |       |       |     2 |       |     1 |       ||     3
       Passwall          |       |       |     1 |       |       |       ||     1
       Sandblast         |       |       |       |    11 |     1 |     1 ||    13
       Wereblood         |       |       |       |     6 |    15 |       ||    21
       Summon Guardian G |       |       |       |       |     1 |     1 ||     2
Invok: Heal Self         |       |       |     1 |     1 |     6 |     9 ||    17
       Purification      |       |       |     2 |    10 |    17 |     5 ||    34
       Divine Vigour     |       |       |       |       |     1 |       ||     1
  Use: Potion            |       |     4 |     2 |     6 |     1 |     1 ||    14
       Scroll            |       |     3 |    16 |     4 |     7 |     3 ||    33
 Stab: Sleeping          |       |       |       |     6 |     9 |     4 ||    19
       Distracted        |       |       |       |     1 |     2 |       ||     3
Armor: Scale mail        |    39 |    32 |    31 |       |       |       ||   102
       Steam dragon scal |       |       |     2 |    32 |       |       ||    34
       Acid dragon scale |       |       |       |    73 |   209 |    58 ||   340
       Skin              |       |       |       |     1 |       |       ||     1
Dodge: Dodged            |    54 |    34 |    54 |   147 |   445 |   130 ||   864
Block: Buckler           |    23 |     3 |       |       |       |       ||    26
       Rpst.: War axe    |       |       |     2 |    40 |    93 |    24 ||   159

Levels and vault maps discovered:
D:1:      amcnicky_arrival_choice, layout_loops_corners, item_on_display_a
D:2:      layout_basic, basic_altar
D:3:      layout_loops_ring, basic_ecumenical_altar, grunt_ministairs_3
D:4:      layout_loops_ring, nicolae_ossuary_entry_giza
D:5:      layout_gridville, serial_shops, nicolae_inconvenience_store,
          nicolae_shop_behind_doors, shop, shop, hangedman_abyss_or_decor_passed
D:6:      layout_cave_pools, lemuel_round_altar, uniq_duvessa, uniq_maggie,
          uniq_crazy_yiuf_cottage, uniq_edmund
D:7:      layout_basic, temple_statues, kennysheep_cluttered_room
D:8:      layout_layer_cave, mainiacjoe_overflow_six_doors_small,
          nicolae_ashenzari_panopticon, ebering_ghost_reflecting_pool
D:9:      minmay_angry_zag, layout_irregular_city,
          lemuel_mausoleum_altar_kikubaaqudgha,
          nicolae_dithmenos_through_a_glass_darkly, erik_lair_orcish_takeover,
          david_defended_altar_orc, uniq_grum
D:10:     layout_irregular_city, chequers_temple_overflow_minitemple,
          david_orc_2, enter_bailey_3, hangedman_decor_diamond_cutter
D:11:     layout_cave_pools, wad_floor_pattern_2, nicolae_transmutations_shop
D:12:     layout_grid_maze
D:13:     layout_basic, special_room [special_room_orc],
          amcnicky_mini_pool_medium
D:14:     layout_basic, david_vaults_4, patterned_corridor, minmay_crystal_water
Lair:1:   layout_regular_city, lemuel_fruit_tree, uniq_gastronok
Lair:2:   layout_roguey, palyth_hydra_swamp_entry,
          minmay_snake_entry_guardpost_small, nicolae_volcano_entry_s_turn,
          nicolae_lair_lil_pond, nicolae_lair_grazing_beasts
          [nicolae_sub_lair_graze_edge, nicolae_sub_lair_graze_edge,
          nicolae_sub_lair_graze_edge, nicolae_sub_lair_graze_edge],
          uniq_nergalle
Lair:3:   layout_regular_city
Lair:4:   wad_woods_minihive, layout_cave_pods, basic_altar,
          beast_lair_carwin_1, grunt_megastairs_2, serial_bayou_shore_a,
          infiniplex_staircase_pool_2, serial_bayou_shore_b, uniq_urug
Lair:5:   wormcave, layout_regular_city, guppyfry_lair_end_dragon,
          minmay_slime_entry_eyes, portal_ice_cave_demonic_guard,
          gammafunk_ghost_arena, gammafunk_lair_bear_cave
Snake:1:  layout_onion, hellmonk_ghost_happy_afterlife, st_stairs_5,
          nicolae_snake_shapes, minmay_shop_grove, uniq_nikola, uniq_donald
Orc:1:    layout_caves, serial_shops, nicolae_shop_statue_plus,
          nicolae_shop_waterfront, nicolae_shop_waterfront, shop,
          hangedman_feature_mirror
Orc:2:    st_orc_mages, layout_caves, serial_shops, shop, kennysheep_orc_chapel,
          uniq_saint_roka, uniq_josephine

Notes
Turn   | Place    | Note
-------+----------+-------------------------------------------
     0 | D:1      | Slen the Hill Orc Fighter began the quest for the Orb.
     0 | D:1      | Reached XP level 1. HP: 19/19 MP: 1/1
     0 | D:1      | magus.rc [v1.9.6]
    85 | D:1      | Reached skill level 3 in Axes
   474 | D:1      | Reached XP level 2. HP: 26/26 MP: 2/2
   771 | D:1      | Reached skill level 4 in Axes
   798 | D:1      | You pick up a book of Callings and begin reading...
   798 | D:1      | You add the spells Summon Small Mammal, Call Canine
                  | Familiar and Summon Guardian Golem to your library.
   975 | D:1      | Reached XP level 3. HP: 31/31 MP: 3/3
  1044 | D:1      | You pick up a book of Geomancy and begin reading...
  1044 | D:1      | You add the spells Sandblast, Passwall and Stone Arrow to
                  | your library.
  1149 | D:2      | Identified the +10 war axe of Qiduy {elec, rN+ rCorr Dex+4}
  1427 | D:2      | Found a basalt altar of Yredelemnul.
  1430 | D:2      | You pick up a book of Blood and begin reading...
  1430 | D:2      | You add the spells Sublimation of Blood, Wereblood and
                  | Summon Hydra to your library.
  1917 | D:2      | Reached XP level 4. HP: 39/39 MP: 4/4
  2326 | D:3      | Reached skill level 5 in Axes
  2326 | D:3      | Reached skill level 1 in Summonings
  2372 | D:3      | You add the spells Ignite Poison, Mephitic Cloud and
                  | Freezing Cloud to your library.
  2431 | D:3      | Reached skill level 1 in Spellcasting
  2826 | D:3      | Reached XP level 5. HP: 45/45 MP: 6/6
  2832 | D:3      | Found a faded altar of an unknown god.
  2889 | D:3      | Prayed at the altar of an unknown god.
  2889 | D:3      | Became a worshipper of Elyvilon the Healer
  2889 | D:3      | Reached * piety under Elyvilon
  3207 | D:3      | Reached skill level 6 in Axes
  3383 | D:4      | Noticed an ogre
  3390 | D:4      | Killed an ogre
  3391 | D:4      | Reached skill level 2 in Summonings
  3391 | D:4      | Reached XP level 6. HP: 51/51 MP: 6/8
  3436 | D:4      | Found a sand-covered staircase.
  3451 | Ossuary  | Entered an ossuary
  3484 | Ossuary  | Learned a level 1 spell: Summon Small Mammal
  3490 | Ossuary  | Reached skill level 7 in Axes
  3492 | Ossuary  | Reached skill level 2 in Spellcasting
  3871 | D:4      | Reached XP level 7. HP: 45/57 MP: 10/10
  3972 | D:4      | Reached skill level 8 in Axes
  3977 | D:4      | Reached ** piety under Elyvilon
  4514 | D:5      | Entered Level 5 of the Dungeon
  4544 | D:5      | Found Esough's Jewellery Shoppe.
  4834 | D:5      | Reached skill level 9 in Axes
  4892 | D:5      | You pick up a book of Dangerous Friends and begin
                  | reading...
  4892 | D:5      | You add the spells Orb of Destruction and Spellforged
                  | Servitor to your library.
  4971 | D:5      | Reached *** piety under Elyvilon
  5022 | D:5      | Found Heusmuo's Jewellery Boutique.
  5122 | D:5      | Reached skill level 3 in Spellcasting
  5310 | D:5      | Found Puricsox's Assorted Antiques.
  5335 | D:5      | Reached XP level 8. HP: 64/64 MP: 12/12
  5450 | D:5      | Found Rukak's Assorted Antiques.
  5678 | D:6      | Noticed Dowan
  5678 | D:6      | Noticed Duvessa
  5690 | D:6      | Killed Dowan
  5702 | D:6      | Reached skill level 10 in Axes
  5950 | D:6      | Killed Duvessa
  6041 | D:6      | Reached skill level 11 in Axes
  6041 | D:6      | Reached skill level 4 in Spellcasting
  6093 | D:6      | Found a basalt altar of Yredelemnul.
  6157 | D:6      | Found a runed translucent door.
  6158 | D:6      | Noticed Crazy Yiuf
  6246 | D:6      | Reached **** piety under Elyvilon
  6251 | D:6      | Noticed Maggie
  6267 | D:6      | Killed Maggie
  6268 | D:6      | Reached skill level 12 in Axes
  6268 | D:6      | Reached XP level 9. HP: 55/70 MP: 12/15
  6517 | D:6      | Noticed Edmund
  6563 | D:6      | Killed Edmund
  6776 | D:6      | Killed Crazy Yiuf
  7061 | D:5      | Bought the ring of Fysyufos {Wiz Str+4 Int+3} for 568 gold
                  | pieces
  7267 | D:7      | Reached skill level 13 in Axes
  7267 | D:7      | Reached skill level 5 in Spellcasting
  7531 | D:7      | Found a staircase to the Ecumenical Temple.
  7753 | D:7      | Reached skill level 1 in Earth Magic
  7758 | D:7      | Learned a level 1 spell: Sandblast
  7761 | D:7      | Learned a level 2 spell: Passwall
  8136 | D:7      | Identified 2 scrolls of acquirement
  8138 | D:7      | Acquired 1156 gold pieces
  8142 | D:7      | Acquired the +0 pair of fencer's gloves {Riposte Dex+3}
  8142 | D:7      | Found the +0 pair of fencer's gloves {Riposte Dex+3}
  8152 | D:7      | Gained mutation: You sometimes lose your temper in combat.
                  | [potion of mutation]
  8152 | D:7      | Gained mutation: You are agile. (Dex +4, Str/Int -1)
                  | [potion of mutation]
  8251 | D:8      | Found a runed translucent door.
  8265 | D:8      | Noticed a two-headed ogre
  8268 | D:8      | Reached skill level 4 in Fighting
  8272 | D:8      | Killed a two-headed ogre
  8273 | D:8      | Reached skill level 5 in Fighting
  8273 | D:8      | Reached skill level 14 in Axes
  8273 | D:8      | Reached XP level 10. HP: 66/81 MP: 15/17
  8277 | D:8      | Learned a level 2 spell: Wereblood
  8528 | D:8      | Found a broken altar of Ashenzari.
  8590 | D:8      | Noticed H0rd4k's ghost (novice OpAr)
  8720 | D:8      | Found a glowing golden altar of the Shining One.
  8858 | D:8      | Reached ***** piety under Elyvilon
  9756 | D:9      | Reached skill level 15 in Axes
  9768 | D:9      | Found an ancient bone altar of Kikubaaqudgha.
  9793 | D:9      | Reached skill level 6 in Fighting
 10046 | D:9      | Reached skill level 7 in Fighting
 10046 | D:9      | Reached skill level 16 in Axes
 10052 | D:9      | Noticed Grum
 10075 | D:9      | Reached skill level 8 in Fighting
 10077 | D:9      | Reached skill level 17 in Axes
 10077 | D:9      | Reached XP level 11. HP: 31/94 MP: 12/18
 10085 | D:9      | HP: 17/94 [Grum/+0 glaive (10)]
 10090 | D:9      | HP: 11/141 [Grum/+0 glaive (13)]
 10093 | D:9      | Killed Grum
 10658 | D:9      | Found a shadowy altar of Dithmenos.
 10741 | D:9      | Found a staircase to the Lair.
 11016 | D:9      | Found a roughly hewn altar of Beogh.
 11206 | Lair:1   | Entered Level 1 of the Lair of Beasts
 11208 | Lair:1   | Reached skill level 1 in Dodging
 11210 | Lair:1   | Reached skill level 1 in Transmutations
 11326 | Lair:1   | Reached skill level 4 in Armour
 11584 | Lair:1   | Reached skill level 2 in Dodging
 11740 | Lair:1   | Reached skill level 9 in Fighting
 11740 | Lair:1   | Reached skill level 2 in Transmutations
 11941 | Lair:1   | Noticed Gastronok
 11951 | Lair:1   | Killed Gastronok
 11952 | Lair:1   | Reached skill level 5 in Armour
 11952 | Lair:1   | Reached skill level 3 in Dodging
 12311 | Lair:1   | Reached ****** piety under Elyvilon
 12417 | Lair:1   | Reached skill level 6 in Armour
 12522 | Lair:2   | Reached skill level 10 in Fighting
 12604 | Lair:2   | Reached skill level 4 in Dodging
 12610 | Lair:2   | Reached XP level 12. HP: 106/106 MP: 19/19
 12770 | Lair:2   | Found a dark tunnel.
 12776 | Volcano  | Entered a volcano
 12798 | Volcano  | Noticed a hell knight
 12808 | Volcano  | Killed a hell knight
 12809 | Volcano  | Reached skill level 7 in Armour
 12816 | Volcano  | Identified the +2 helmet "Boass" {Stlth+}
 13115 | Volcano  | Noticed a sun demon
 13343 | Lair:2   | You pick up a book of Beasts and begin reading...
 13343 | Lair:2   | You add the spells Summon Ice Beast, Summon Mana Viper and
                  | Monstrous Menagerie to your library.
 13511 | Lair:2   | Found a staircase to the Snake Pit.
 13811 | Lair:2   | Reached skill level 11 in Fighting
 13811 | Lair:2   | Reached skill level 5 in Dodging
 13929 | Lair:2   | Reached skill level 1 in Invocations
 13940 | Lair:2   | Reached skill level 2 in Invocations
 14012 | Lair:2   | Noticed Nergalle
 14023 | Lair:2   | Killed Nergalle
 14024 | Lair:2   | Reached skill level 8 in Armour
 14136 | Lair:2   | Noticed a seven-headed hydra
 14382 | Lair:3   | Noticed a death yak
 14382 | Lair:3   | Noticed a death yak
 14397 | Lair:2   | HP: 27/110 [eight-headed hydra (10)]
 14397 | Lair:2   | HP: 9/110 [eight-headed hydra (5)]
 14428 | Lair:3   | Reached skill level 3 in Invocations
 14819 | Lair:3   | Killed a death yak
 14820 | Lair:3   | Reached skill level 1 in Conjurations
 14820 | Lair:3   | Reached skill level 4 in Invocations
 15081 | Lair:3   | Reached skill level 2 in Conjurations
 15139 | Lair:3   | Noticed a four-headed hydra
 15204 | Lair:3   | Reached skill level 5 in Invocations
 15330 | Lair:3   | Reached skill level 18 in Axes
 15399 | Lair:3   | Noticed a five-headed hydra
 15424 | Lair:4   | Reached XP level 13. HP: 116/116 MP: 20/20
 15429 | Lair:4   | Reached skill level 3 in Conjurations
 15448 | Lair:4   | Reached skill level 6 in Invocations
 15501 | Lair:4   | Reached skill level 12 in Fighting
 15527 | Lair:4   | Reached skill level 7 in Invocations
 16653 | Lair:4   | Reached skill level 8 in Invocations
 16745 | Lair:4   | Found a sacrificial altar of Ru.
 17111 | Lair:4   | Reached skill level 9 in Armour
 17294 | Lair:4   | Noticed Urug
 17306 | Lair:4   | Killed Urug
 17307 | Lair:4   | Reached skill level 13 in Fighting
 17325 | Lair:4   | Identified a potion of experience
 17326 | Lair:4   | Reached skill level 6 in Conjurations
 17326 | Lair:4   | Reached skill level 10 in Invocations
 17326 | Lair:4   | Reached XP level 14. HP: 59/129 MP: 20/22
 17834 | Lair:5   | Entered Level 5 of the Lair of Beasts
 17998 | Lair:5   | Reached skill level 11 in Invocations
 18034 | Lair:5   | Learned a level 3 spell: Summon Guardian Golem
 18224 | Lair:5   | Paralysed by a floating eye for 3 turns
 18627 | Lair:5   | Noticed GeoRichter's ghost (journeyman MfFi)
 18640 | Lair:5   | Reached XP level 15. HP: 137/137 MP: 23/23
 18677 | Lair:5   | HP: 33/205 [rime drake/flash freeze (27)]
 18680 | Lair:5   | HP: 11/137 [rime drake/flash freeze (13)]
 18744 | Lair:5   | Reached skill level 6 in Spellcasting
 18932 | Lair:5   | Reached skill level 12 in Invocations
 18986 | Lair:5   | Found a viscous altar of Jiyva.
 18987 | Lair:5   | Found a staircase to the Slime Pits.
 19019 | Lair:5   | Found a transporter.
 19328 | Lair:2   | Reached skill level 14 in Fighting
 19676 | Lair:2   | Identified the +2 buckler "Anitatz" {rF- rN++}
 20041 | Lair:2   | Found a staircase to the Swamp.
 20135 | D:10     | Entered Level 10 of the Dungeon
 20264 | D:10     | Found a flagged portal.
 20274 | Bailey   | Entered a bailey
 20425 | Bailey   | Found a bloodstained altar of Trog.
 20597 | D:10     | Found a staircase to the Orcish Mines.
 20996 | D:10     | Found a snail-covered altar of Cheibriados.
 21001 | D:10     | Found a hazy altar of Hepliaklqana.
 21003 | D:10     | Found a faded altar of an unknown god.
 21005 | D:10     | Found a faded altar of an unknown god.
 21008 | D:10     | Found a white marble altar of Elyvilon.
 21149 | Orc:1    | Entered Level 1 of the Orcish Mines
 21149 | Orc:1    | Found Velaler's Distillery.
 21157 | Orc:1    | Bought 2 potions of haste for 220 gold pieces
 21157 | Orc:1    | Bought a potion of haste for 110 gold pieces
 21251 | Orc:1    | Found Vueni Quhio's Magic Scroll Emporium.
 21258 | Orc:1    | Bought a scroll of teleportation for 45 gold pieces
 21258 | Orc:1    | Bought a scroll of blinking for 112 gold pieces
 21283 | Orc:1    | Found a roughly hewn altar of Beogh.
 21288 | Orc:1    | Found Loluid's Assorted Antiques.
 21293 | Orc:1    | Bought a tubular iron ring for 135 gold pieces
 21415 | Orc:2    | Entered Level 2 of the Orcish Mines
 21415 | Orc:2    | Noticed Saint Roka
 21658 | Orc:1    | Reached skill level 3 in Summonings
 21980 | Orc:1    | HP: 33/139 [Saint Roka/+0 battleaxe (25)]
 21993 | Orc:1    | Killed Saint Roka
 22278 | Orc:2    | Found a staircase to the Elven Halls.
 22304 | Orc:2    | Reached skill level 13 in Invocations
 22517 | Orc:2    | Found a roughly hewn altar of Beogh.
 22533 | Orc:2    | Reached skill level 4 in Summonings
 22644 | Orc:2    | Noticed Josephine
 22653 | Orc:2    | Killed Josephine
 22683 | Orc:2    | Found Nesigeh's Weapon Emporium.
 22685 | Orc:2    | Identified a +2 robe of the Archmagi
 22712 | Orc:2    | Reached skill level 15 in Fighting
 22793 | Orc:2    | Found Poti's Antique Weapon Boutique.
 22793 | Orc:2    | Found Luufej's Antique Weapon Shop.
 23180 | Orc:2    | Found Kerghaq's Book Shop.
 23182 | Orc:2    | Found Belisha's Assorted Antiques.
 23186 | Orc:2    | Bought a scroll of teleportation for 99 gold pieces
 23186 | Orc:2    | Bought a scroll of teleportation for 99 gold pieces
 23186 | Orc:2    | Bought a scroll labelled QUEZ IPHYZE for 33 gold pieces
 23189 | Orc:2    | Bought a book of the Spheres for 594 gold pieces
 23189 | Orc:2    | You pick up a book of the Spheres and begin reading...
 23189 | Orc:2    | You add the spells Iskenderun's Battlesphere, Fireball and
                  | Conjure Ball Lightning to your library.
 23618 | D:11     | Found Quijuiph's Changing Room.
 23720 | D:11     | Reached skill level 1 in Fire Magic
 24132 | D:11     | You fall into a shaft and drop 2 floors!
 24261 | D:12     | Reached skill level 2 in Fire Magic
 24629 | D:11     | Bought a potion of lignification for 39 gold pieces
 24629 | D:11     | Bought a potion of lignification for 39 gold pieces
 24762 | D:12     | Identified the +1 chain mail "Yreotej" {Dex+8}
 24800 | D:12     | Reached skill level 14 in Invocations
 25009 | D:12     | You pick up a book of Necromancy {forbidden} and begin
                  | reading...
 25009 | D:12     | You add the spells Necrotise, Vampiric Draining and Agony
                  | to your library.
 25228 | D:12     | Reached skill level 3 in Fire Magic
 26127 | D:13     | Got the Monograph on Conflict
 26388 | D:13     | Found a roughly hewn altar of Beogh.
 26393 | D:13     | Reached XP level 16. HP: 131/150 MP: 26/26
 26518 | D:13     | Reached skill level 4 in Fire Magic
 26522 | D:13     | Learned a level 3 spell: Mephitic Cloud
 27656 | D:14     | Found a gate to the Vaults.
 27826 | D:14     | HP: 25/151 [centaur warrior/arrow (16)]
 27831 | D:14     | HP: 16/151 [centaur warrior/arrow (11)]
 28145 | D:14     | Reached skill level 16 in Fighting
 28302 | D:14     | Reached skill level 5 in Fire Magic
 28323 | D:14     | Reached skill level 10 in Armour
 29212 | Snake:1  | Entered Level 1 of the Snake Pit
 29220 | Lair:2   | HP: 37/151 [poisoned by a naga mage (bolt of poison)]
 29221 | Lair:2   | Reached skill level 15 in Invocations
 29604 | Lair:2   | Learned a level 5 spell: Fireball
 29625 | Snake:1  | HP: 35/151 [anaconda (8)]
 29625 | Snake:1  | HP: 17/151 [constriction (3)]
 29625 | Snake:1  | HP: 2/151 [naga ritualist/+0 long sword (15)]
 29626 | Snake:1  | Elyvilon protects you from harm!
 29626 | Snake:1  | Elyvilon protects you from harm!
 29630 | Snake:1  | HP: 33/151 [poisoned by a naga ritualist (toxic radiance)]
 29631 | Snake:1  | HP: 15/151 [anaconda (14)]
 29631 | Snake:1  | HP: 7/151 [black mamba (7)]
 29636 | Snake:1  | HP: 24/151 [naga sharpshooter/arrow (4)]
 29956 | Snake:1  | HP: 28/151 [shock serpent/electric aura (15)]
 29956 | Snake:1  | HP: 9/151 [shock serpent (11)]
 29956 | Snake:1  | Slain by an anaconda

Vanquished Creatures
  Saint Roka (Orc:1)
  Gastronok (Lair:1)
  Josephine (Orc:2)
  7 hydras
  2 boulder beetles (D:12)
  5 centaur warriors
  2 two-headed ogres
  An anaconda (Snake:1)
  3 death yaks
  2 orc high priests (Orc:2)
  Urug (Lair:4)
  A naga sharpshooter (Lair:2)
  A hell knight (Volcano)
  Nergalle (Lair:2)
  A fire crab (Lair:3)
  A skeletal warrior (D:13)
  A necromancer (D:14)
  9 ugly things
  2 orc knights
  3 cyclopes (D:13)
  An oklob plant (Lair:2)
  2 deep elf pyromancers
  5 orc sorcerers (Orc:2)
  2 manticores
  14 elephants
  9 black mambas
  A naga mage (Lair:2)
  A gargoyle (D:12)
  An eye of devastation (Lair:5)
  A torpor snail (Lair:3)
  11 cane toads
  An unseen horror (shapeshifter) (D:14)
  6 rime drakes
  4 kobold demonologists (D:13)
  An unseen horror zombie (D:9)
  Maggie (D:6)
  7 komodo dragons
  2 freezing wraiths (D:14)
  A polar bear (Lair:3)
  10 trolls
  9 blink frogs
  10 slime creatures
  12 dream sheep
  7 wraiths
  58 yaks
  A shadow (D:11)
  A basilisk (Lair:4)
  A basilisk (shapeshifter) (D:12)
  3 water elementals (D:14)
  7 wyverns
  Grum (D:9)
  A steam dragon (D:9)
  6 vampire mosquitoes
  2 swamp worms (Lair:2)
  3 wargs
  5 nagas
  Edmund (D:6)
  3 acid dragons
  Duvessa (D:6)
  A floating eye (Lair:5)
  14 water moccasins
  27 orc warriors
  4 ice beasts
  A hornet zombie (D:9)
  A sky beast (D:8)
  A black bear (D:6)
  11 wolves
  10 centaurs
  6 ogres
  12 kobold brigands
  2 phantoms
  12 bullfrogs
  2 necrophages
  2 scorpions
  6 wights
  Dowan (D:6)
  34 killer bees
  7 howler monkeys
  4 electric eels (D:14)
  2 centaur zombies (D:9)
  5 hounds
  A human zombie (D:9)
  A jelly (D:6)
  24 orc priests
  Crazy Yiuf (D:6)
  5 hell rats (Lair:5)
  28 orc wizards
  6 iguanas
  A killer bee zombie (D:9)
  12 mummies
  6 gnolls
  10 adders
  A worm (D:2)
  A dart slug (D:1)
  60 orcs
  8 ball pythons
  2 bats
  3 endoplasms
  5 giant cockroaches
  10 goblins
  7 hobgoblins
  4 jackals (D:1)
  3 quokkas
  3 frilled lizards
  3 gnoll zombies (Ossuary)
  3 hobgoblin zombies (Ossuary)
  24 kobolds
  4 orc zombies
  5 rats
  A bush (Lair:2)
666 creatures vanquished.

Vanquished Creatures (others)
  A naga mage (Snake:1)
  A naga (Snake:1)
  An orc (D:9)
  A bush (Lair:2)
  37 fungi
  82 plants
123 creatures vanquished.

Grand Total: 789 creatures vanquished

Table legend:
 A = Non-vault XP
 B = Vault XP
 C = Vault XP percentage of total XP
 D = Non-vault monster count
 E = Vault monster count
 F = Vault count percentage of total count
                 A         B        C        D         E       F
            +---------+---------+-------+---------+---------+-------
      Total |   82204 |   37280 |  31.2 |     418 |     249 |  37.3
            +---------+---------+-------+---------+---------+-------
        D:1 |      46 |       0 |   0.0 |      24 |       0 |   0.0
        D:2 |      36 |       0 |   0.0 |      12 |       0 |   0.0
        D:3 |     149 |       4 |   2.6 |      30 |       2 |   6.2
        D:4 |     404 |      20 |   4.7 |      16 |       3 |  15.8
        D:5 |     503 |       0 |   0.0 |      12 |       0 |   0.0
        D:6 |     710 |     776 |  52.2 |      11 |       5 |  31.2
        D:7 |     929 |       0 |   0.0 |      18 |       0 |   0.0
        D:8 |    1498 |       0 |   0.0 |      10 |       0 |   0.0
        D:9 |    1903 |    2794 |  59.5 |      15 |      34 |  69.4
       D:10 |    2438 |     293 |  10.7 |      20 |      12 |  37.5
       D:11 |    4742 |       0 |   0.0 |      19 |       0 |   0.0
       D:12 |    4979 |       0 |   0.0 |      12 |       0 |   0.0
       D:13 |    7516 |    2584 |  25.6 |      23 |      15 |  39.5
       D:14 |   10496 |    1381 |  11.6 |      27 |       3 |  10.0
     Lair:1 |    5796 |    1481 |  20.4 |      24 |       1 |   4.0
     Lair:2 |    7562 |    4611 |  37.9 |      23 |      16 |  41.0
     Lair:3 |    9563 |       0 |   0.0 |      27 |       0 |   0.0
     Lair:4 |    7300 |    6666 |  47.7 |      29 |      47 |  61.8
     Lair:5 |   11987 |     980 |   7.6 |      37 |       4 |   9.8
    Snake:1 |    2035 |       0 |   0.0 |       5 |       0 |   0.0
      Orc:1 |     436 |    4007 |  90.2 |       6 |       6 |  50.0
      Orc:2 |    1176 |    8330 |  87.6 |      18 |      63 |  77.8
    Ossuary |       0 |     151 | 100.0 |       0 |      16 | 100.0
     Bailey |       0 |    1794 | 100.0 |       0 |      20 | 100.0
    Volcano |       0 |    1408 | 100.0 |       0 |       2 | 100.0
            +---------+---------+-------+---------+---------+-------

Illustrated notes

Table legend:
 A = Kills in this place as a percentage of kills in entire the game.
 B = Kills by you in this place as a percentage of kills by you in the entire game.
 C = Kills by friends in this place as a percentage of kills by friends in the entire game.
 D = Other kills in this place as a percentage of other kills in the entire game.
 E = Experience gained in this place as a percentage of experience gained in the entire game.
 F = Experience gained in this place divided by the number of levels of this place that you have seen.
                   A       B       C       D       E      F
               +-------+-------+-------+-------+-------+----------------------
         Total | 100.0 | 100.0 |   N/A | 100.0 | 100.0 | 4779.4
       Dungeon |  48.4 |  48.6 |   N/A |   0.0 |  37.0 | 3157.2
          Lair |  31.2 |  31.3 |   N/A |   0.0 |  46.8 | 11189.2
     Snake Pit |   0.7 |   0.5 |   N/A | 100.0 |   1.7 | 2035.0
  Orcish Mines |  13.9 |  14.0 |   N/A |   0.0 |  11.7 | 6974.5
       Ossuary |   2.4 |   2.4 |   N/A |   0.0 |   0.1 | 151.0
        Bailey |   3.0 |   3.0 |   N/A |   0.0 |   1.5 | 1794.0
       Volcano |   0.3 |   0.3 |   N/A |   0.0 |   1.2 | 1408.0
               +-------+-------+-------+-------+-------+----------------------

Table legend: (Time is in decaauts)
 A = Elapsed time spent in this place.
 B = Non-inter-level travel time spent in this place.
 C = Inter-level travel time spent in this place.
 D = Time resting spent in this place.
 E = Time spent auto-exploring this place.
 F = Levels seen in this place.
 G = Mean time per level.
                   A        B        C        D        E       F      G
               +--------+--------+--------+--------+--------+-----+--------+
         Total |  29733 |  28607 |   1126 |      0 |  23259 |  25 | 1189.3 |
       Dungeon |  17403 |  16586 |    817 |      0 |  13811 |  14 | 1243.1 |
          Lair |   9163 |   8932 |    231 |      0 |   7213 |   5 | 1832.6 |
     Snake Pit |     30 |     30 |      0 |      0 |      0 |   1 |   30.0 |
  Orcish Mines |   2270 |   2193 |     77 |      0 |   1766 |   2 | 1135.0 |
       Ossuary |    315 |    315 |      0 |      0 |    198 |   1 |  315.0 |
        Bailey |    195 |    195 |      0 |      0 |     14 |   1 |  195.0 |
       Volcano |    355 |    355 |      0 |      0 |    257 |   1 |  355.0 |
               +--------+--------+--------+--------+--------+-----+--------+

Top non-repeatable levels by time:
  Lair:2: 2815 daAuts
    D:14: 2204 daAuts
  Lair:3: 2096 daAuts
  Lair:4: 1873 daAuts
  Lair:1: 1532 daAuts
     D:8: 1512 daAuts
     D:9: 1498 daAuts
     D:5: 1313 daAuts
    D:13: 1302 daAuts
     D:6: 1295 daAuts
   Orc:2: 1174 daAuts
     D:1: 1169 daAuts
     D:2: 1156 daAuts
    D:12: 1118 daAuts
   Orc:1: 1096 daAuts
